morgoth, neutral female human Wizard --- ------ --- ...- -- -----.|..| ..- ..-- --.--.--.....--- --... ... |..............|---- ------...- -..--- |..............--..-- --- --.--.....| --....---- |...................|--.-- |........- |........-- -- --....)..........--...----- --......- |.........---- |........................| |.).....| -...........-- --........|........---.--.----.)....| -..........|----.......----........|--.|...|----...--- --- |..........--......)...| |.......--|..|--.--- --....| -- --..----.--.-..........)..[..-----.--....||..|-..).---->......- |......@a....%..........................-----|..*...^......-....| |....--------........--.......--------..- --......----......-- ---..-- -.........||<......| ---. |......------...----- - |...| |..........|---....-- -- |.....................| |..-- --.........| |....| -.........------------- ---- |........-- |...-- |..........| ---.---.-- ----- ---.--.----- --- --- ------ morgoth the Thaumaturge Experience level: 7 Strength: 9 Dexterity: 21 Constitution: 13 Intelligence: 18 Wisdom: 10 Charisma: 10 Health: 0(40) Energy: 71(76) AC: 9 Gold: 371 Moves: 2430 Your Inventory: Coins $ - 371 gold pieces Weapons a - a blessed +1 quarterstaff (weapon in hands) E - an uncursed [+0] runed dagger [elven] Armor b - an uncursed +0 cloak of magic resistance (being worn) q - an uncursed +2 iron skull cap [orcish helm] G - a cursed [+0] piece of cloth [cloak of displacement] Comestibles r - an uncursed food ration z - an uncursed tripe ration B - an uncursed clove of garlic O - an [uncursed] lizard corpse Scrolls i - 3 uncursed scrolls of light j - 2 uncursed scrolls of enchant armor m - an uncursed scroll labeled JUYED AWK YACC [of earth] p - a blessed scroll labeled ACHAT SHTAYIM SHALOSH [of flood] s - an uncursed scroll labeled GARVEN DEH [of enchant weapon] u - a cursed scroll labeled GARVEN DEH [of enchant weapon] y - an uncursed scroll labeled PRIRUTSENIE [of create monster] Spellbooks k - a blessed spellbook of force bolt l - an uncursed spellbook of confuse monster Potions f - an uncursed potion of water g - an uncursed potion of sickness h - an uncursed potion of blindness v - an uncursed yellow potion [of speed] Rings d - an uncursed +3 ring of gain dexterity (on right hand) e - an uncursed ring of polymorph control H - an uncursed -2 ring of adornment Wands c - an uncursed wand of secret door detection (0:3) Tools n - an uncursed bag of tricks [0:12] x - an uncursed partly used [tallow] candle (0:11) A - 2 uncursed partly used [tallow] candles F - 3 uncursed [tallow] candles J - an uncursed stethoscope K - an uncursed [wax] candle Gems t - an uncursed yellowish brown gem [worthless glass] w - an uncursed violet gem [worthless glass] C - 2 uncursed red gems [worthless glass] D - 2 uncursed black gems [worthless glass] L - 2 uncursed orange gems [worthless glass] M - 2 uncursed red gems [jasper] Spells known in the end: Name Level Category Fail Memory a - force bolt 1 attack 0% [||||||||] b - confuse monster 2 enchantment 0% [||||||||] Your skills at the end: Fighting Skills Weapon Skills quarterstaff [Basic / Expert] Spellcasting Skills attack spells [Basic / Expert] enchantment spells [Basic / Skilled] Final Attributes: You were piously aligned. Hunger level was 690. Your alignment was 21 / 22. Monster difficulty range was 0 - 6. Level difficulty was 5. You were magic-protected. You were lucky (1). You are dead. Vanquished creatures: a gnome king a lizard a housecat an imp an enormous rat 3 gnome lords 2 gnomish wizards 2 giant ants a floating eye 4 dwarves a gas spore a hobbit a brown mold 24 gnomes 3 garter snakes 2 gnome zombies a jackal a fox a goblin 2 sewer rats 10 grid bugs 3 lichens 2 kobold zombies 5 newts 74 creatures vanquished. Voluntary challenges: You used a wielded weapon 49 times. You read items or engraved 2 times. You put on armor 2 times. You never genocided any monsters. You never polymorphed an object. You never changed form. You used no wishes. You wrote Elbereth's name 1 time. You never encountered a bones level. You never used any Sokoban shortcuts. Dungeon overview: The Dungeons of Doom: levels 1 to 4 Level 1 a long staircase Level 2 a sink Level 3 a fountain stairs to The Gnomish Mines Level 4 a fountain The Gnomish Mines: levels 4 to 7 Level 4 stairs to The Dungeons of Doom Level 5 <- You were here Level 6 some shops, a temple, a magic chest, some fountains History has recorded: On T:1 you entered the Dungeons of Doom to retrieve the Amulet of Yendor! On T:761 you advanced to experience level 2. On T:901 you reached level 2 of The Dungeons of Doom. On T:1206 you advanced to experience level 3. On T:1349 you reached level 3 of The Dungeons of Doom. On T:1371 you reached level 4 of The Dungeons of Doom. On T:1472 you reached level 1 of The Gnomish Mines. On T:1494 you advanced to experience level 4. On T:1501 you advanced to experience level 5. On T:1689 you reached level 2 of The Gnomish Mines. On T:1714 you advanced to experience level 6. On T:1844 you reached level 3 of The Gnomish Mines. On T:2182 you reached level 4 of The Gnomish Mines. On T:2264 you advanced to experience level 7. Latest messages: You see here a bow. You see here a candle. F - an uncursed candle. Never mind. Magic energy restored. The soldier ant bites! The soldier ant stings! The soldier ant bites! The soldier ant stings! [HP-28=12] [HP+1=13] The spell misses the soldier ant. The spell hits the enormous rat! You kill the enormous rat! The soldier ant bites! The soldier ant stings! The soldier ant bites! You die... Final status: Goodbye morgoth the Wizard... You died in The Gnomish Mines on dungeon level 5 with 2438 points, and 371 pieces of gold, after 2430 moves. You were level 7 with a maximum of 40 hit points when you died.